AoeStats
← VastStarling392

Arena

509943189Analyzed
2v2 RM · 5d ago on Sep 28, 2026· 38m 22s· 4 players
Game mode
Random Map
Map size
Medium (4 player)
Population
200
Speed
Normal
Resources
Standard
Victory
Conquest
Starting age
Dark Age
Ending age
Imperial Age
RankedLock teamsTeams togetherTeam positionsShared explorationLock speedFull tech treeHidden civsTurbo modeCheats
Victory
Defeat
🇫🇷 Franks · France
993
+15
🇫🇷 Bohemians · France
987
+14
🇨🇿 Khmer · Czechia
970
-15
953
-14
Wollof_08 / German Mum
7:29 Wheelbarrow
9:10 Double-Bit Axe
9:19 Loom
11:20 Feudal Age
17:57 Castle Age
16:47 Bow Saw
17:45 Stone Mining
19:42 Stone Shaft Mining
20:59 Fletching
21:22 Town Watch
22:08 Fervor
23:06 Gold Mining
26:32 Hand Cart
27:20 Burgundian Vineyards
28:51 Two-Man Saw
29:59 Scale Barding Armor
30:05 Forging
30:55 Gold Shaft Mining
31:02 Chain Barding Armor
32:12 Iron Casting
31:35 Murder Holes
31:24 Treadmill Crane
31:41 Murder Holes
31:57 Town Patrol
35:46 Imperial Age
34:03 Husbandry
34:10 Horse Collar
34:31 Bodkin Arrow
36:51 Conscription
36:26 Elite Coustillier
38:07 Plate Barding Armor
38:07 Devotion
VastStarling392
10:11 Feudal Age
11:15 Horse Collar
16:42 Castle Age
15:03 Double-Bit Axe
15:24 Stone Mining
15:59 Gold Mining
17:47 Bow Saw
17:40 Heavy Plow
25:14 Wheelbarrow
28:59 Imperial Age
26:24 Loom
28:13 Stone Shaft Mining
28:14 Fortified Wall
28:28 Masonry
29:58 Onager
31:59 Bloodlines
35:01 Hand Cart
35:11 Pikeman
35:21 Cavalier
37:07 Heavy Scorpion
37:59 Murder Holes
Jacobin
12:06 Feudal Age
18:18 Castle Age
17:00 Loom
18:13 Gold Mining
18:12 Double-Bit Axe
26:37 Imperial Age
28:39 Scale Mail Armor
28:52 Forging
30:35 Wheelbarrow
32:04 Cavalier
33:53 Scale Barding Armor
34:53 Hand Cart
35:39 Town Watch
36:54 Chain Barding Armor
37:31 Iron Casting
38:24 Gold Shaft Mining
37:42 Stone Mining
38:14 Paladin
38:54 Husbandry
39:33 Hoardings
Keropicko
11:41 Feudal Age
13:12 Double-Bit Axe
13:13 Horse Collar
18:55 Castle Age
20:38 Loom
21:29 Wheelbarrow
21:10 Bow Saw
26:15 Caravan
28:00 Chemistry
28:11 Fortified Wall
32:26 Imperial Age
30:13 Padded Archer Armor
30:13 Scale Mail Armor
30:23 Forging
30:05 Fletching
30:43 Pikeman
31:46 Leather Archer Armor
33:04 Halberdier
34:11 Conscription
33:18 Houfnice
34:10 Squires
34:43 Ring Archer Armor
35:17 Hand Cart
34:49 Town Watch
35:16 Heavy Plow
36:28 Bodkin Arrow
36:49 Chain Mail Armor
37:09 Iron Casting
37:56 Wagenburg Tactics
Connection lost

Rejoining the realm…

Still unreachable

The connection could not be restored.

Session expired

The server has moved on; the page needs a fresh start.